 Dungeon Crawl Stone Soup version 0.17-a0-2127-g1cb09f6 (webtiles) character file.

4839 magipi the Cleaver (level 10, 0/56 HPs)
             Began as a Vine Stalker Fighter on Oct 22, 2015.
             Was a Priest of Makhleb.
             Slain by a water moccasin (4 damage)
             ... on level 10 of the Dungeon.
             The game lasted 00:49:40 (6755 turns).

magipi the Cleaver (Vine Stalker Fighter)           Turns: 6755, Time: 00:49:40

Health: 0/56       AC:  7    Str: 18    XL:     10   Next: 49%
Magic:  0/20       EV:  9    Int:  9    God:    Makhleb [***...]
Gold:   507        SH:  0    Dex: 17    Spells: 0 memorised, 9 levels left

rFire  . . .     SeeInvis .     b - +0 blowgun
rCold  . . .     Clarity  .     q - +0 scale mail
rNeg   . . .     SustAt   .     (no shield)
rPois  .         Gourm    .     (no helmet)
rElec  .         Spirit   +     A - +0 cloak
rCorr  .         Warding  .     (no gloves)
rMut   .         Stasis   .     (no boots)
MR     +....                    h - amulet of rage
Stlth  ..........               (no ring)
                                D - ring of magical power

@: very slightly contaminated, somewhat resistant to hostile enchantments,
extremely unstealthy
A: fangs 3, regeneration 2, magic shield, antimagic bite, no device heal 3, rot
immunity
a: Minor Destruction, Lesser Servant of Makhleb, Renounce Religion, Evoke
Berserk Rage


You were on level 10 of the Dungeon.
You worshipped Makhleb.
Makhleb was most pleased with you.
You were hungry.

You visited 1 branch of the dungeon, and saw 10 of its levels.
You also visited: Ossuary.

You collected 507 gold pieces.

Notes
Turn   | Place    | Note
--------------------------------------------------------------
     0 | D:1      | magipi the Vine Stalker Fighter began the quest for the Orb.
     0 | D:1      | Reached XP level 1. HP: 11/11 MP: 2/2
   180 | D:1      | Reached XP level 2. HP: 16/16 MP: 3/3
   617 | D:2      | Reached skill level 3 in Axes
   617 | D:2      | Reached XP level 3. HP: 16/19 MP: 4/4
   821 | D:2      | Found a sacrificial altar of Ru.
   977 | D:2      | Reached XP level 4. HP: 18/23 MP: 3/5
  1108 | D:3      | Noticed Terence
  1127 | D:2      | Killed Terence
  1127 | D:2      | Reached skill level 4 in Axes
  1287 | D:3      | Noticed SaintRoka's ghost (weakling VSFi)
  1689 | D:3      | Reached XP level 5. HP: 19/27 MP: 3/6
  1762 | D:4      | Noticed Blork the orc
  2001 | D:4      | Noticed zkyp's ghost (amateur DsMo)
  2035 | D:4      | Found a sand-covered staircase.
  2040 | Ossuary  | Entered an ossuary
  2057 | Ossuary  | Reached skill level 5 in Axes
  2073 | Ossuary  | HP: 1/27 [human zombie (4)]
  2196 | Ossuary  | Gained mutation: You heal very quickly. [Vine Stalker growth]
  2196 | Ossuary  | Reached XP level 6. HP: 17/32 MP: 4/7
  2509 | D:4      | Noticed Menkaure
  2542 | D:4      | HP: 1/32 [Menkaure/nerve-wracking pain (3)]
  2543 | D:4      | Killed Menkaure
  2543 | D:4      | Reached skill level 6 in Axes
  2652 | D:4      | Reached XP level 7. HP: 35/35 MP: 8/8
  2855 | D:5      | Entered Level 5 of the Dungeon
  2885 | D:5      | Identified a scroll of acquirement
  2934 | D:5      | Reached skill level 7 in Axes
  2934 | D:5      | Reached skill level 1 in Throwing
  2956 | D:5      | Found a burning altar of Makhleb.
  2969 | D:5      | Became a worshipper of Makhleb the Destroyer
  2974 | D:5      | Found a white marble altar of Elyvilon.
  2977 | D:5      | Found an ancient bone altar of Kikubaaqudgha.
  3205 | D:5      | Found a blossoming altar of Fedhas.
  3276 | D:5      | Found a deep blue altar of Sif Muna.
  3476 | D:5      | Gained mutation: You have razor-sharp teeth. [Vine Stalker growth]
  3476 | D:5      | Reached XP level 8. HP: 32/39 MP: 9/9
  3532 | D:5      | Found an ancient bone altar of Kikubaaqudgha.
  3783 | D:6      | Reached * piety under Makhleb
  3800 | D:6      | Found a shadowy altar of Dithmenos.
  3809 | D:6      | Reached skill level 8 in Axes
  3812 | D:6      | Noticed Sigmund
  3875 | D:6      | Noticed Duvessa
  4909 | D:7      | Reached XP level 9. HP: 29/46 MP: 6/10
  4993 | D:8      | Reached ** piety under Makhleb
  5352 | D:8      | Found a stormy altar of Qazlal.
  5661 | D:9      | Reached skill level 9 in Axes
  5710 | D:9      | Reached skill level 5 in Fighting
  5819 | D:9      | Noticed a hill giant
  5957 | D:9      | Noticed a red ugly thing
  6094 | D:9      | Reached skill level 10 in Axes
  6112 | D:9      | Found a sacrificial altar of Ru.
  6167 | D:9      | Noticed Erolcha
  6237 | D:9      | Killed a red ugly thing
  6237 | D:9      | Reached XP level 10. HP: 20/55 MP: 11/11
  6247 | D:9      | Killed Erolcha
  6279 | D:9      | Reached *** piety under Makhleb
  6538 | D:10     | Entered Level 10 of the Dungeon
  6538 | D:10     | Noticed brucemayne's ghost (novice DsBe)
  6549 | D:10     | Found a portal to a secret trove of treasure.
  6555 | D:10     | Noticed a hill giant
  6692 | D:10     | HP: 1/56 [giant frog (4)]
  6734 | D:10     | HP: 2/56 [troll (4)]
  6752 | D:10     | HP: 2/56 [yak (10)]
  6755 | D:10     | Slain by a water moccasin

Inventory:

Hand Weapons
 a - a +0 broad axe
 b - a +0 blowgun (weapon)
Missiles
 i - 7 tomahawks of returning
 r - 18 poisoned needles (quivered)
 y - 5 javelins of returning
Armour
 c - a +0 shield
 q - a +0 scale mail (worn)
 A - a +0 cloak (worn)
Jewellery
 h - an amulet of rage (around neck)
 l - an uncursed ring of positive energy {unknown}
 t - an uncursed ring of teleportation
 D - a ring of magical power (left hand)
Wands
 f - a wand of confusion (27)
 B - a wand of magic darts (17)
 C - a wand of random effects (31)
 E - a wand of lightning (9)
Scrolls
 n - 3 scrolls of remove curse
 u - 3 scrolls of noise
Potions
 k - 3 potions of flight
 m - a potion of brilliance
 o - a potion of resistance
 p - 3 potions of curing
 s - 2 potions of agility
 x - a potion of poison {unknown}
 z - 2 potions of cancellation {unknown}
Comestibles
 e - 4 bread rations
 g - 4 meat rations
 v - a beef jerky


   Skills:
 + Level 8.0 Fighting
 + Level 10.9 Axes
 - Level 4.0 Throwing
 - Level 2.4 Armour
 - Level 2.6 Shields


You had 9 spell levels left.
You didn't know any spells.

Dungeon Overview and Level Annotations

Branches:
Dungeon (10/15)
 Temple: D:4-7         Lair: D:8-11         Orc: D:9-12

Altars:
Dithmenos
Elyvilon
Fedhas
Kikubaaqudgha
Makhleb
Qazlal
Ru
Sif Muna

Portals:
Trove: D:10 (give 5 scrolls of blinking)

Annotations:
D:3 SaintRoka's ghost, weakling VSFi
D:4 Blork the orc; zkyp's ghost, amateur DsMo
D:6 Duvessa; Sigmund
D:10 brucemayne's ghost, novice DsBe


Innate Abilities, Weirdness & Mutations

You have razor-sharp teeth.
You heal very quickly.
When hurt, damage is shared between your health and your magic reserves.
Your bite disrupts and absorbs the magic of your enemies.
Potions and wands cannot restore your health.
You are immune to rotting.

Vault maps used:
D:1:      saegor_arrival_simple_a, hex_medium, lemuel_another_geyser
D:2:      first_bread, nicolae_ru_awakened_eye
D:3:      uniq_terence
D:4:      minmay_temple_entry_fiery, enter_ossuary_5, serial_glass,
          glass_columns_a, glass_columns_b, mrwooster_statue_mirror,
          uniq_menkaure, uniq_blork_the_orc
D:5:      led_sif_pool, minitemple, fedhas_bush_and_centaur_altar, basic_altar
D:6:      grunt_decor_one_mirror, st_stairs_14, nicolae_dithmenos_shadow_blocks,
          uniq_sigmund, uniq_duvessa
D:8:      lemuel_crystal_altar, minmay_misc_feat_rows
D:9:      lemuel_crystal_altar, hangedman_decor_growths, uniq_erolcha
D:10:     hiddenorc1_lemuel, enter_trove_0, hangedman_ranch
Ossuary:  ossuary_minmay_tomb_2a


Message History

Drink which item? (? for menu, Esc to quit)
You feel very mighty all of a sudden. The giant frog hits you.
* * * LOW HITPOINT WARNING * * *
Unknown command.
You closely miss the giant frog. You bite the giant frog! You drain its power.
You feel invigorated.
The giant frog is severely wounded.
The giant frog hits you but does no damage.
The giant frog barely misses you.
Unknown command.
You closely miss the giant frog.
The giant frog is severely wounded.
The giant frog hits you but does no damage.
The giant frog closely misses you.
Unknown command.
You barely miss the giant frog.
The giant frog is severely wounded.
The giant frog hits you.
* * * LOW HITPOINT WARNING * * *
You slice the giant frog!!
You kill the giant frog!
Makhleb accepts your kill.
Unknown command.
The orc wizard points at you and mumbles some strange words.
You are confused.
Drink which item? (? for menu, Esc to quit)
You feel better. The troll closely misses you.
The troll claws you but does no damage. x2
Unknown command.
The orc shouts! x2
The orc wizard points at you and mumbles some strange words.
The puff of flame hits you!
* * * LOW HITPOINT WARNING * * *
Unknown command.
Read which item? (? for menu, Esc to quit)
Blink to where?
Press: ? - help, Dir - move target cursor
As you read the scroll of blinking, it crumbles to dust.
The orc wizard gestures at you while chanting.
The magic dart hits you!
* * * LOW HITPOINT WARNING * * *
b - a +0 blowgun (weapon)
The orc wizard casts a spell at you. You resist with almost no effort.
Firing (i - inventory. (,) - cycle):
r - 19 poisoned needles (quivered)
Press: ? - help, Shift-Dir - straight line, f - orc wizard
Aim: an orc wizard, wielding a dagger and wearing a robe You shoot a poisoned needle.
The poisoned needle hits the orc wizard!
The orc wizard is poisoned.
Unknown command.
The orc wizard gestures at you while chanting.
You are confused.
The orc wizard gestures wildly while chanting.
The orc wizard flickers and vanishes!
Deactivating autopickup; reactivate with Ctrl-A.
You're too confused to move!
Unknown command.
Drink which item? (? for menu, Esc to quit)
You feel better.
A puff of flame appears from out of thin air!
The puff of flame hits the troll.
The adder barely misses you. The adder bites you but does no damage.
The troll bites you!
* * * LOW HITPOINT WARNING * * *
The troll claws you.
* * * LOW HITPOINT WARNING * * *
The troll claws you.
* * * LOW HITPOINT WARNING * * *
A big kobold comes into view.
You are feeling hungry.
The big kobold picks up a hand axe of flaming.
The big kobold wields a hand axe of flaming.
It bursts into flame!
Read which item? (? for menu, Esc to quit)
As you read the scroll of teleportation, it crumbles to dust.
You feel strangely unstable. The adder bites you.
* * * LOW HITPOINT WARNING * * *
The troll bites you but does no damage. The troll claws you!
* * * LOW HITPOINT WARNING * * *
The troll barely misses you. The adder bites you but does no damage.
Your surroundings suddenly seem different.
The hill giant shouts!
Something shouts, "Fly, thou defiled limp-willed nightsoil!"
Found a metallic blue potion.
Unknown command.
A shadow imp comes into view.
The shadow imp shouts, "Accept thy fall, thou impertinent clapper-clawed vassal!"
The shadow imp summons a swarm of flies.
You feel a little less mighty now.
The yak bellows!
The yak misses you. The yak gores you but does no damage.
The water moccasin hisses angrily.
The yak gores you!
* * * LOW HITPOINT WARNING * * *
The water moccasin closely misses you. The water moccasin bites you.
You die...

##... ##.... ##..... ##.....#
##......## ##........##
##..........## ####
##............## ##..#
##........YS@...## ##....
##.......Y.C......# ##...ST
##........Y..###....# #......
##............# #....# #.)..).
##.............###....# #..))(.
#........5........)...# #....(o
......................#######.(..
..........................# #.)..
..........................###))..


You could see a hill giant, 3 yaks, a water moccasin and a shadow imp.

Vanquished Creatures
  Erolcha (D:9)
  An ugly thing (D:9)
  4 yaks (D:9)
  A hippogriff (D:9)
  Menkaure (D:4)
  2 hungry ghosts (D:9)
  A black bear (D:7)
  An orc warrior (D:10)
  An ice beast (D:6)
  A phantom (D:9)
  2 ogres
  2 sky beasts (D:7)
  2 centaurs
  A gnoll sergeant (D:10)
  5 giant frogs
  2 scorpions
  A human zombie (Ossuary)
  5 crimson imps
  2 giant frog skeletons
  2 jellies
  2 centaur skeletons
  5 hounds
  An iguana (D:9)
  3 orc wizards
  4 worker ants
  Terence (D:2)
  A big kobold zombie (Ossuary)
  3 hound zombies
  4 mummies (Ossuary)
  12 gnolls
  13 adders
  A shadow imp (D:6)
  An ooze (D:3)
  An adder skeleton (D:7)
  4 adder zombies
  2 worms
  16 orcs
  3 giant cockroaches
  A gnoll zombie (Ossuary)
  8 goblins
  5 hobgoblins
  4 quokkas
  4 bats
  5 giant geckos
  7 giant newts
  A goblin zombie (Ossuary)
  A hobgoblin zombie (Ossuary)
  15 jackals
  2 jackal zombies
  7 kobolds
  A kobold zombie (Ossuary)
  2 orc zombies (Ossuary)
  A quokka zombie (D:5)
  6 rats
  A rat zombie (Ossuary)
186 creatures vanquished.

Action                   |  1- 3 |  4- 6 |  7- 9 | 10-12 || total
-------------------------+-------+-------+-------+-------++-------
Melee: War axe           |   110 |   117 |   343 |     6 ||   576
       Broad axe         |       |       |       |    56 ||    56
 Fire: Blowgun           |       |       |    23 |    14 ||    37
Throw: Tomahawk          |       |    19 |       |       ||    19
       Javelin           |       |       |       |     6 ||     6
  Use: Scroll            |       |     4 |    12 |     7 ||    23
       Potion            |       |     3 |     2 |     3 ||     8
  Eat: Chunk             |       |     4 |     8 |       ||    12
       Pizza             |       |     1 |       |       ||     1
       Beef jerky        |       |       |     3 |       ||     3
       Bread ration      |       |       |     1 |       ||     1

Action                   |  1- 3 |  4- 6 |  7- 9 | 10-12 || total
-------------------------+-------+-------+-------+-------++-------
Melee: War axe           |   110 |   117 |   343 |     6 ||   576
       Broad axe         |       |       |       |    56 ||    56
 Fire: Blowgun           |       |       |    23 |    14 ||    37
Throw: Tomahawk          |       |    19 |       |       ||    19
       Javelin           |       |       |       |     6 ||     6
  Use: Scroll            |       |     4 |    12 |     7 ||    23
       Potion            |       |     3 |     2 |     3 ||     8
  Eat: Chunk             |       |     4 |     8 |       ||    12
       Pizza             |       |     1 |       |       ||     1
       Beef jerky        |       |       |     3 |       ||     3
       Bread ration      |       |       |     1 |       ||     1
